 Dungeon Crawl Stone Soup version 0.29-a0-364-g921d912d32 (webtiles) character file.

Game seed: 13791836498806053652

189 holysushi the Cutter (level 6, -7/39 HPs)
             Began as a Kobold Monk on Apr 30, 2022.
             Killed by divine providence
             ... invoked by an orc priest
              (14 damage)
             ... on level 4 of the Dungeon.
             The game lasted 00:02:37 (3187 turns).

holysushi the Cutter (Kobold Monk)                  Turns: 3187, Time: 00:02:38

Health: -7/39      AC:  3    Str:  8    XL:     6   Next: 0%
Magic:  6/6        EV: 16    Int: 11    God:
Gold:   124        SH:  0    Dex: 20    Spells: 5/5 levels left

rFire   . . .      SeeInvis .   a - +0 short sword
rCold   . . .      Faith    .   (no shield)
rNeg    + . .      Spirit   .   b - +0 robe
rPois   .          Reflect  .   (no helmet)
rElec   .          Harm     .   d - +0 cloak
rCorr   .          Rampage  .   (no gloves)
Will    .....                   (no boots)
Stlth   +++.......              (no amulet)
HPRegen 0.13/turn               k - ring of positive energy
MPRegen 0.10/turn               (no ring)

@: mighty
A: small, no large weapons, nightstalker 3
a: no special abilities


You were on level 4 of the Dungeon.
You visited 1 branch of the dungeon, and saw 4 of its levels.

You collected 124 gold pieces.

Inventory:

Hand Weapons
 a - a +0 short sword (weapon)
Armour
 b - a +0 robe (worn)
 d - a +0 cloak (worn)
Jewellery
 k - a ring of positive energy (left hand)
Scrolls
 e - a scroll of identify {unknown}
 f - 2 scrolls of magic mapping {unknown}
 g - 3 scrolls of teleportation {unknown}
 j - a scroll of immolation {unknown}
 l - a scroll of summoning {unknown}
Potions
 c - a potion of ambrosia
 h - a potion of lignification {unknown}
 m - a potion of brilliance {unknown}
 n - a potion of heal wounds {unknown}
 o - a potion of curing {unknown}
 p - a potion of flight {unknown}


   Skills:
 + Level 4.6 Fighting
 + Level 6.8 Short Blades
 * Level 4.0 Dodging
 - Level 2.6 Stealth


You had 5 spell levels left.
You didn't know any spells.
Your spell library was empty.

Dungeon Overview and Level Annotations

Branches:
Dungeon (4/15)
 Temple: D:4-7

Altars:


Innate Abilities, Weirdness & Mutations

You are small and have problems with some larger weapons.
You are completely attuned to the shadows.


Message History

You hit the orc.
The orc is almost dead.
The orc misses you.
The orc priest shoots a sling bullet.
The sling bullet barely misses you.
Unknown command.
You puncture the orc!
You kill the orc!
The orc priest shoots a sling bullet.
The sling bullet barely misses you.
You have reached level 6!
The orc priest shoots a sling bullet.
The sling bullet hits you!
* * * LOW HITPOINT WARNING * * *
The sling bullet burns you.
* * * LOW HITPOINT WARNING * * *
Items here: ( ) [ †.
Unknown command.
The orc priest shoots a sling bullet.
The sling bullet completely misses you.
Unknown command.
The orc priest begins to cast a cantrip, but forgets the words!
Unknown command.
You closely miss the orc priest. You hit the orc priest.
The orc priest is lightly wounded.
The orc priest unwields the +8 hunting sling of Qefiboch {flame, *Slow rPois rC+++ Stlth-}.
It stops flaming.
The orc priest misses you.
You closely miss the orc priest.
The orc priest is lightly wounded.
The orc priest barely misses you.
You hit the orc priest.
The orc priest is lightly wounded.
The orc priest hits you but does no damage.
You completely miss the orc priest.
The orc priest is lightly wounded.
You hit the orc priest but do no damage.
The orc priest is lightly wounded.
The orc priest closely misses you.
It was a potion of might.
You feel very mighty all of a sudden.
The orc priest invokes the aid of Beogh against you.
Beogh smites you!
You die...

#...#
###...#
#...###
##...###
##...)...
#........
#.....###
#.....#
#.).@o##
#.)......
#..##.###
#..# .#
#..# .#
#..#


You could see an orc priest.

Vanquished Creatures
  A necrophage (D:4)
  A jelly (D:4)
  2 gnolls (D:4)
  4 adders
  A worm (D:2)
  A dart slug (D:4)
  5 orcs
  3 endoplasms
  5 giant cockroaches
  3 goblins
  A kobold (D:4)
  3 quokkas
  2 ball pythons
  3 bats
  A frilled lizard (D:3)
  4 rats
40 creatures vanquished.

Notes
Turn   | Place    | Note
-------+----------+-------------------------------------------
     0 | D:1      | holysushi the Kobold Monk began the quest for the Orb.
     0 | D:1      | Reached XP level 1. HP: 14/14 MP: 1/1
    84 | D:1      | You fall into a shaft and drop 1 floor!
   233 | D:2      | Reached XP level 2. HP: 19/19 MP: 2/2
   420 | D:2      | Reached XP level 3. HP: 24/24 MP: 3/3
  1151 | D:2      | Reached skill level 5 in Short Blades
  1421 | D:3      | Reached XP level 4. HP: 28/29 MP: 4/4
  1588 | D:3      | Noticed an ice beast
  1911 | D:4      | Noticed a necrophage
  1928 | D:4      | Killed a necrophage
  1929 | D:4      | Reached skill level 6 in Short Blades
  1929 | D:4      | Reached XP level 5. HP: 19/34 MP: 5/5
  3170 | D:4      | Identified the +8 hunting sling of Qefiboch {flame, *Slow
                  | rPois rC+++ Stlth-}
  3178 | D:4      | Reached XP level 6. HP: 17/39 MP: 6/6
  3187 | D:4      | Killed from afar by an orc priest

Illustrated notes

Levels and vault maps discovered:
D:1:      co_arrival_two_rings, layout_basic,
          hellmonk_ecumenical_altar_watching_god, nicolae_figureground_sparkle
D:2:      layout_basic, kennysheep_decorative_pillar
D:3:      layout_loops_cross
D:4:      layout_basic, minmay_misc_feat_tower

Skill      XL: |  1  2  3  4  5 |
---------------+----------------+-----
Short Blades   | 5 6 |  6.8
Fighting       | 4 |  4.6
Dodging        | 4 |  4.0
Stealth        | |  2.6

Action                   |  1- 3 |  4- 6 || total
-------------------------+-------+-------++-------
Melee: Short sword       |    42 |    80 ||   122
       Punch             |       |     1 ||     1
  Use: Potion            |       |     3 ||     3
 Stab: Sleeping          |     7 |    10 ||    17
       Distracted        |       |     1 ||     1
Armor: Robe              |     3 |    10 ||    13
Dodge: Dodged            |    26 |    65 ||    91

Table legend: (Time is in decaauts)
 A = Elapsed time spent in this place.
 B = Non-inter-level travel time spent in this place.
 C = Inter-level travel time spent in this place.
 D = Time resting spent in this place.
 E = Time spent auto-exploring this place.
 F = Levels seen in this place.
 G = Mean time per level.
                   A        B        C        D        E       F      G
               +--------+--------+--------+--------+--------+-----+--------+
         Total |   3123 |   3104 |     19 |   1131 |   1504 |   4 |  780.8 |
       Dungeon |   3123 |   3104 |     19 |   1131 |   1504 |   4 |  780.8 |
               +--------+--------+--------+--------+--------+-----+--------+

Top non-repeatable levels by time:
     D:4: 1511 daAuts
     D:2: 1159 daAuts
     D:3: 368 daAuts
     D:1: 83 daAuts
